 Dungeon Crawl Stone Soup version 0.21-a0-352-g5b8f553 (webtiles) character file.

16 DsMo the Chopper (level 2, 0/24 HPs)
             Began as a Demonspawn Monk on Oct 11, 2017.
             Slain by a leopard gecko (3 damage)
             ... on level 2 of the Dungeon.
             The game lasted 00:01:57 (183 turns).

DsMo the Chopper (Demonspawn Monk)                   Turns: 183, Time: 00:01:58

Health: 0/24       AC:  2    Str: 11    XL:     2   Next: 37%
Magic:  2/2        EV: 13    Int: 11    God:
Gold:   0          SH:  0    Dex: 15    Spells: 1/1 levels left

rFire    . . .     SeeInvis .   a - +0 hand axe
rCold    . . .     Gourm    .   (no shield)
rNeg     . . .     Faith    .   b - +0 robe
rPois    .         Spirit   .   (no helmet)
rElec    .         Reflect  .   (no cloak)
rCorr    .         Harm     .   (no gloves)
MR       .....                  (no boots)
Stlth    ++........             (no amulet)
HPRegen  0.08/turn              (no ring)
MPRegen  0.08/turn              (no ring)

@: no status effects
A: hooves 1
a: no special abilities


You were on level 2 of the Dungeon.
You were not hungry.

You visited 1 branch of the dungeon, and saw 2 of its levels.

Inventory:

Hand Weapons
 a - a +0 hand axe (weapon)
Armour
 b - a +0 robe (worn)
 i - a +0 helmet
Scrolls
 f - a scroll of enchant weapon {unknown}
 g - a scroll of fog {unknown}
Comestibles
 e - 2 bread rations {@e1}
 h - a meat ration {@e2}


   Skills:
 - Level 3.0 Fighting
 - Level 3.2 Axes
 - Level 2.6 Dodging
 - Level 1.7 Stealth
 + Level 0.9 Unarmed Combat


You had one spell level left.
You didn't know any spells.

Dungeon Overview and Level Annotations

Branches:
Dungeon (2/15)

Altars:


Innate Abilities, Weirdness & Mutations

You have large cloven feet.


Message History

You hit the rat.
You kill the rat!
You hit the rat.
You kill the rat!
Your Axes skill increases to level 3!
Unknown command.
A rat comes into view.
You see here a bread ration {@e1}.
e - 2 bread rations {@e1} (gained 1)
A frilled lizard and a bat come into view.
The frilled lizard hisses angrily.
The rat bites you.
A goblin comes into view.
You take 3 damage, and have 13/18 hp.
The goblin shouts!
You hit the rat but do no damage.
You hear a shout! x2
The rat barely misses you.
A hobgoblin comes into view. It is wielding a club.
You hit the rat.
You kill the rat!
The bat closely misses you.
You hit the bat.
You kill the bat!
The worm barely misses you. The goblin barely misses you.
You hit the hobgoblin but do no damage. You closely miss the goblin.
You hit the frilled lizard but do no damage.
The goblin hits you but does no damage. The hobgoblin hits you with a club.
The frilled lizard hisses.
The frilled lizard bites you. The goblin barely misses you.
You take 5 damage, and have 9/18 hp.
MASSIVE DAMAGE!!
The hobgoblin barely misses you.
A rat and a goblin come into view.
The goblin moves out of view.
The frilled lizard hisses.
The hobgoblin misses you.
The rat falls through a shaft!
The shaft crumbles and collapses.
The goblin hits you.
* * * LOW HITPOINT WARNING * * *
You take 1 damage, and have 8/18 hp.
You hit the hobgoblin.
The hobgoblin is almost dead.
You hit the frilled lizard.
You kill the frilled lizard!
You hit the goblin. The hobgoblin closely misses you.
The goblin closely misses you.
Unknown command.
Unknown command.
Unknown command.
The goblin hits you but does no damage.
You hit the hobgoblin.
You kill the hobgoblin!
You have reached level 2!
You feel monstrous as your demonic heritage exerts itself.
Your demonic ancestry asserts itself...
Your feet thicken and deform.
You barely miss the goblin. The goblin hits you.
* * * LOW HITPOINT WARNING * * *
MP restored: 2
Found a stone staircase leading down.
You closely miss the goblin.
The goblin is moderately wounded.
The goblin closely misses you.
You barely miss the goblin. You kick the goblin.
You kill the goblin!
An ooze comes into view.
The goblin shouts!
You hit the ooze but do no damage.
You hear an angry hiss.
The ooze hits you.
* * * LOW HITPOINT WARNING * * *
You take 4 damage, and have 5/24 hp.
You hit the ooze. You kick the ooze.
The ooze is heavily wounded.
The ooze hits you but does no damage.
You hit the ooze. You kick the ooze.
You kill the ooze!
A leopard gecko comes into view.
The goblin hits you but does no damage.
You hit the goblin.
The goblin is almost dead.
The goblin barely misses you.
You closely miss the goblin. Your kick misses the goblin.
The goblin is almost dead.
The goblin barely misses you. The leopard gecko bites you.
* * * LOW HITPOINT WARNING * * *
You take 3 damage, and have 3/24 hp.
Unknown command.
You hit the goblin.
You kill the goblin!
You hit the leopard gecko but do no damage.
The leopard gecko barely misses you.
Unknown command.
The leopard gecko misses you. The leopard gecko barely misses you.
The leopard gecko closely misses you.
You see here a helmet.
i - a helmet The leopard gecko bites you.
You die...

....██████.█
...........
..........█
..........███
............██
.............██
....?.........█
.......@......█
.......(l.....██
...........)...██.█
.███......w.......█
..........>███..█
████........██ .█
█..........█ █.██
█....).....█ ...
...........██.█


You could see a worm and a leopard gecko.

Vanquished Creatures
  An ooze (D:2)
  A bat (D:2)
  3 goblins (D:2)
  A hobgoblin (D:2)
  2 frilled lizards
  A kobold (D:1)
  3 rats (D:2)
12 creatures vanquished.

Notes
Turn   | Place    | Note
-------+----------+-------------------------------------------
     0 | D:1      | DsMo the Demonspawn Monk began the quest for the Orb.
     0 | D:1      | Reached XP level 1. HP: 18/18 MP: 1/1
   154 | D:2      | Gained mutation: You have large cloven feet. [demonic ancestry]
   154 | D:2      | Reached XP level 2. HP: 11/24 MP: 2/2
   183 | D:2      | Slain by a leopard gecko

Vault maps used:
D:1:      kilobyte_arrival_exit_the_forest
D:2:      first_bread

Skill      XL: |  1 |
---------------+----+-----
Axes           | 3 |  3.2
Fighting       | |  3.0
Dodging        | |  2.6
Stealth        | |  1.7
Unarmed Combat | |  0.9

Action                   || total
-------------------------++-------
Melee: Hand axe          ||    23
       Kick              ||     3
 Stab: Sleeping          ||     1
Armor: Robe              ||     4
Dodge: Dodged            ||    31

Table legend:
 A = Spawn XP
 B = Non-spawn XP
 C = Spawn XP percentage of total XP
 D = Spawn monster count
 E = Non-spawn monster count
 F = Spawn count percentage of total count
 G = Total turns spent on level
                    A         B        C        D         E        F      G
               +---------+---------+-------+---------+---------+-------+---------
         Total |       0 |      23 |   0.0 |       0 |      12 |   0.0 |   183
               +---------+---------+-------+---------+---------+-------+---------
           D:1 |       0 |       2 |   0.0 |       0 |       2 |   0.0 |   135
           D:2 |       0 |      21 |   0.0 |       0 |      10 |   0.0 |    48
               +---------+---------+-------+---------+---------+-------+---------

Vault maps used:
D:1:      kilobyte_arrival_exit_the_forest
D:2:      first_bread
